 Dungeon Sprint DCSS version 0.19-a0-1553-g64c24c3 (webtiles) character file.

58 poirepourri the Covert (level 3, -8/16 HPs)
             Began as a Spriggan Enchanter on Sept 14, 2016.
             Splashed by an oklob sapling's acid (11 damage)
             ... in the Dungeon (Sprint IV: "Fedhas' Mad Dash").
             The game lasted 00:00:36 (210 turns).

poirepourri the Covert (Spriggan Enchanter)          Turns: 210, Time: 00:00:37

Health: -8/16      AC: -1    Str:  4    XL:     3   Next: 75%
Magic:  8/8        EV: 21    Int: 16    God:
Gold:   32         SH:  0    Dex: 17    Spells: 3 memorised, 1 level left

rFire  . . .     SeeInvis +     a - +1 dagger
rCold  . . .     Gourm    .     b - +1 robe
rNeg   . . .     Faith    .     (shield restricted)
rPois  .         Spirit   .     (helmet restricted)
rElec  .         Dismiss  .     (no cloak)
rCorr  .         Reflect  .     (gloves unavailable)
MR     .....     Harm     .     (boots unavailable)
Stlth  +++++..... NoTele   +    i - amulet of invisibility {+Inv}
                                (no ring)
                                (no ring)

@: corroded, very quick
A: unfitting armour, see invisible, herbivore 3, speed 3, slow metabolism 2
a: Evoke Invisibility


You were in the Dungeon.
You were not hungry.

You visited 1 branch You collected 32 gold pieces.

Inventory:

Hand Weapons
 a - a +1 dagger (weapon)
Armour
 b - a +1 robe (worn)
Jewellery
 i - the amulet of invisibility (around neck) {+Inv}
   (You found it in the Dungeon)

   [amulet of nothing]

   It lets you turn invisible.
Scrolls
 j - a scroll of blinking
Potions
 e - a potion of curing
 f - a potion of heal wounds
 g - a potion of haste
 h - 2 potions of magic
Books
 c - a book of Maledictions

   Spells                             Type                      Level
   a - Corona                         Hexes                        1
   b - Ensorcelled Hibernation        Hexes/Ice                    2
   c - Confuse                        Hexes                        3
   d - Tukima's Dance                 Hexes                        3
   e - Dazzling Spray                 Conjuration/Hexes            3
Comestibles
 d - a bread ration


   Skills:
 + Level 2.2 Short Blades
 + Level 5.8 Dodging
 + Level 10.5 Stealth
 + Level 2.6 Spellcasting
 + Level 3.6 Hexes


You had one spell level left.
You knew the following spells:

 Your Spells              Type           Power        Failure   Level  Hunger
a - Corona                Hex            ##.....      6%          1    #......
b - Ensorcelled Hibernat  Hex/Ice        #.....       17%         2    ##.....
c - Confuse               Hex            ##......     14%         3    ###....


Dungeon Overview and Level Annotations

Branches:
Dungeon (1/1)

Altars:

Annotations:
D exclusion: oklob sapling


Innate Abilities, Weirdness & Mutations

You are tiny and cannot use many weapons and most armour.
You have supernaturally acute eyesight. (SInv)
You are a herbivore.
You cover ground extremely quickly.
You need consume almost no food.


Message History

You now have 5 gold pieces (gained 3).
You now have 15 gold pieces (gained 10).
You now have 22 gold pieces (gained 7).
You now have 32 gold pieces (gained 10).
You see here a large shield.
i - the amulet of invisibility (around neck) {+Inv} Memorise Confuse, consuming 3 spell levels and leaving 1?
You start memorising the spell.
You continue memorising. x3
You finish memorising.
Spell assigned to 'c'.
Unknown command.
You open the door.
Marking area around the oklob sapling as unsafe for travelling.
An oklob sapling comes into view.
The oklob sapling spits acid at you. The splash of acid hits you!
Ouch! That really hurt!
* * * LOW HITPOINT WARNING * * *
The acid corrodes you!
The acid burns!
Ouch! That really hurt!
You die...

##################
#<..P#.....#.....#
#PP..'.[...'.#[..+
#PPPP#.....#.#†@.#
###############'##
... #$P$# #####


You could see an oklob sapling.

Vanquished Creatures
  An oklob sapling (D)
  A worker ant (D)
  A river rat (D)
  A rat (D)
4 creatures vanquished.

Notes
Turn   | Place    | Note
-------+----------+-------------------------------------------
     0 | D        | poirepourri the Spriggan Enchanter began the quest for the Orb.
     0 | D        | Reached XP level 1. HP: 9/9 MP: 5/5
    16 | D        | Reached skill level 7 in Stealth
    16 | D        | Reached XP level 2. HP: 9/13 MP: 3/6
   176 | D        | Learned a level 2 spell: Ensorcelled Hibernation
   181 | D        | Noticed an oklob sapling
   183 | D        | Killed an oklob sapling
   183 | D        | Reached skill level 5 in Dodging
   183 | D        | Reached skill level 9 in Stealth
   183 | D        | Reached XP level 3. HP: 16/16 MP: 8/8
   187 | D        | Reached skill level 10 in Stealth
   209 | D        | Learned a level 3 spell: Confuse
   210 | D        | Noticed an oklob sapling
   210 | D        | Splashed by an oklob sapling's acid

Vault maps used:
D:        dungeon_sprint_fedhas

Skill      XL: |  1  2  3 |
---------------+----------+-----
Dodging        | 4 5 |  5.8
Stealth        | 7 9 10 | 10.5
Short Blades   | 2 |  2.2
Spellcasting   | |  2.6
Hexes          | |  3.6

Action                   || total
-------------------------++-------
Melee: Dagger            ||     8
 Cast: Corona            ||     2
  Use: Potion            ||     1
 Stab: Sleeping          ||     2
Armor: Robe              ||     1
Dodge: Dodged            ||     1
